AoeStats
← Gorlami

Black Forest

506507821Analyzed
4v4 RM · 18d ago on Sep 13, 2026· 50m 16s· 8 players
Game mode
Random Map
Map size
Large (8 player)
Population
200
Speed
Normal
Resources
Standard
Victory
Conquest
Starting age
Dark Age
Ending age
Imperial Age
RankedLock teamsTeams togetherTeam positionsShared explorationLock speedFull tech treeHidden civsTurbo modeCheats
Victory
Defeat
🇦🇷 Japanese · Argentina
1757
+10
🇦🇷 Turks · Argentina
1677
+13
🇦🇷 Maya · Argentina
1645
+15
🇦🇷 Wei · Argentina
1572
+18
🇫🇷 Franks · France
1752
-19
🇮🇳 Mapuche · India
1633
-15
🇺🇸 Persians · United States
1575
-12
🇺🇸 Mongols · United States
1512
-10
ChuckieMagnets
0:44 Loom
11:06 Feudal Age
15:08 Castle Age
13:23 Double-Bit Axe
17:13 Fishing Lines
18:00 Horse Collar
18:51 Town Watch
25:19 Gillnets
26:09 Husbandry
26:47 Bloodlines
27:48 Wheelbarrow
27:36 Heavy Plow
27:55 Gold Mining
27:56 Stone Mining
29:23 Caravan
32:06 Imperial Age
30:37 Gold Shaft Mining
30:33 Scale Barding Armor
30:38 Forging
31:13 Hand Cart
31:07 Fletching
31:50 Heavy Camel Rider
32:51 Chain Barding Armor
33:00 Masonry
33:26 Iron Casting
34:12 Conscription
34:33 Plate Barding Armor
35:04 Iron Casting
34:32 Bodkin Arrow
35:41 Ballistics
35:03 Cavalier
35:03 Light Cavalry
37:01 Hoardings
37:30 Blast Furnace
36:00 Crossbowman
36:46 Kamandaran
37:39 Hoardings
38:08 Crop Rotation
37:47 Thumb Ring
38:03 Padded Archer Armor
40:03 Chemistry
38:49 Savar
39:44 Bow Saw
41:14 Leather Archer Armor
41:21 Citadels
42:35 Architecture
44:03 Hussar
45:24 Ring Archer Armor
45:34 Scale Mail Armor
47:19 Two-Man Saw
47:05 Coinage
Boarderdudeman
9:49 Feudal Age
10:37 Double-Bit Axe
15:37 Castle Age
16:42 Bow Saw
16:24 Horse Collar
20:18 Wheelbarrow
19:28 Town Watch
21:55 Fishing Lines
22:29 Loom
24:30 Gold Mining
24:34 Stone Mining
24:40 Gillnets
25:33 Hand Cart
28:45 Gold Shaft Mining
30:59 Imperial Age
29:01 Fletching
29:11 Padded Archer Armor
29:24 Bloodlines
29:15 Husbandry
29:47 Heavy Plow
30:36 Ballistics
30:13 Bodkin Arrow
30:51 Thumb Ring
31:52 Leather Archer Armor
32:06 Parthian Tactics
32:55 Chemistry
32:06 Bracer
31:52 Capped Ram
33:11 Conscription
32:11 Elite Mangudai
33:41 Coinage
32:54 Siege Ram
33:27 Light Cavalry
35:09 Masonry
34:46 Hussar
35:32 Scale Barding Armor
35:38 Forging
36:49 Chain Barding Armor
37:46 Elite Skirmisher
39:57 Iron Casting
51:35 Blast Furnace
Koti
1:47 Loom
11:26 Feudal Age
15:03 Castle Age
13:08 Double-Bit Axe
17:00 Bow Saw
20:46 Wheelbarrow
21:18 Forging
23:32 Hand Cart
25:10 Stone Mining
25:10 Gold Mining
32:04 Imperial Age
31:01 Scale Barding Armor
31:32 Iron Casting
31:15 Husbandry
32:21 Chain Barding Armor
32:13 Cavalier
34:02 Chemistry
33:39 Paladin
34:56 Plate Barding Armor
35:58 Blast Furnace
35:55 Conscription
35:30 Fletching
38:31 Light Cavalry
anshumessi420
0:47 Loom
13:04 Feudal Age
14:04 Double-Bit Axe
14:31 Horse Collar
20:13 Castle Age
22:06 Bow Saw
22:52 Fletching
23:45 Bodkin Arrow
25:45 Wheelbarrow
32:40 Imperial Age
31:08 Malon
31:36 Gold Mining
31:55 Padded Archer Armor
32:51 Leather Archer Armor
34:10 Ring Archer Armor
34:44 Ballistics
35:25 Chemistry
35:16 Hand Cart
34:35 Capped Ram
35:40 Heavy Plow
35:33 Stone Mining
39:18 Conscription
46:26 Crop Rotation
45:45 Town Watch
46:17 Elite Skirmisher
46:33 Elite Skirmisher
47:45 Town Patrol
Lic. VELEZ Y VINO
2:38 Loom
12:35 Feudal Age
13:22 Double-Bit Axe
16:19 Castle Age
17:29 Bow Saw
18:47 Horse Collar
19:50 Heavy Plow
23:56 Bloodlines
24:18 Fishing Lines
25:32 Stone Mining
25:33 Gold Mining
27:12 Husbandry
30:47 Imperial Age
28:58 Wheelbarrow
30:06 Gold Shaft Mining
29:33 Gillnets
30:17 Scale Barding Armor
31:51 Chain Barding Armor
32:08 Conscription
32:25 Forging
34:15 Plate Barding Armor
34:17 Artillery
35:47 Iron Casting
36:01 Hand Cart
36:21 Caravan
37:20 Heavy Camel Rider
38:32 Fletching
40:15 Blast Furnace
40:46 Bodkin Arrow
41:14 Ballistics
41:33 Coinage
42:13 Hoardings
42:31 Bracer
42:52 Elite Janissary
43:45 Masonry
43:15 Treadmill Crane
43:56 Padded Archer Armor
47:35 Banking
49:26 Bombard Tower
49:37 Architecture
MUERE CACA
0:28 Loom
12:56 Feudal Age
13:53 Double-Bit Axe
20:00 Castle Age
17:50 Horse Collar
18:04 Gold Mining
19:52 Arson
20:41 Forging
20:29 Eagle Warrior
21:27 Bow Saw
24:05 Scale Mail Armor
24:08 Squires
28:49 Stone Mining
28:43 Fishing Lines
30:23 Wheelbarrow
29:56 Gillnets
31:37 Fletching
35:15 Imperial Age
32:09 Crossbowman
33:56 Ballistics
33:30 Fletching
33:40 Padded Archer Armor
33:49 Thumb Ring
34:34 Caravan
34:31 Bodkin Arrow
35:12 Hand Cart
36:05 Bracer
37:33 Chemistry
36:20 Arbalester
37:36 Coinage
38:45 Leather Archer Armor
38:53 Conscription
38:46 Masonry
41:01 Banking
41:47 Ring Archer Armor
44:24 Guilds
44:45 Architecture
44:26 Capped Ram
45:54 Siege Ram
48:01 Two-Man Saw
47:40 Stone Shaft Mining
49:19 Treadmill Crane
50:22 Hoardings
B.R Matias
0:27 Loom
12:04 Feudal Age
13:03 Double-Bit Axe
15:40 Castle Age
14:44 Horse Collar
16:01 Town Watch
16:45 Bow Saw
18:16 Wheelbarrow
19:30 Heavy Plow
23:27 Hand Cart
23:55 Gold Mining
25:37 Gold Shaft Mining
25:40 Stone Mining
25:48 Stone Mining
28:42 Imperial Age
27:05 Scale Barding Armor
27:10 Forging
27:22 Scale Mail Armor
28:33 Bloodlines
28:24 Husbandry
28:07 Pikeman
28:47 Squires
28:49 Halberdier
29:31 Scale Mail Armor
30:06 Iron Casting
29:55 Conscription
30:59 Capped Ram
32:18 Chain Mail Armor
33:25 Blast Furnace
32:43 Caravan
33:37 Tuntian
38:01 Chain Barding Armor
40:52 Elite Tiger Cavalry
43:54 Husbandry
Gorlami
6:44 Loom
11:20 Feudal Age
15:15 Castle Age
13:43 Double-Bit Axe
16:22 Bow Saw
19:18 Fishing Lines
20:34 Gillnets
22:12 Horse Collar
23:51 Wheelbarrow
27:53 Imperial Age
25:36 Fletching
25:40 Guard Tower
27:13 Bodkin Arrow
27:30 Yasama
28:19 Ballistics
28:07 Pikeman
28:50 Scale Mail Armor
28:51 Bracer
28:20 Capped Ram
29:24 Caravan
29:55 Coinage
29:36 Arrowslits
30:28 Keep
31:12 Chemistry
30:59 Halberdier
31:55 Chain Mail Armor
31:50 Forging
32:06 Conscription
32:27 Squires
33:32 Siege Engineers
33:53 Treadmill Crane
34:24 Masonry
34:11 Murder Holes
36:03 Plate Mail Armor
36:47 Iron Casting
39:25 Blast Furnace
41:35 Banking
42:43 Fortified Wall
43:35 Two-Man Saw
42:36 Heavy Plow
42:28 Stone Mining
46:05 Padded Archer Armor
49:47 Gold Mining
Connection lost

Rejoining the realm…

Still unreachable

The connection could not be restored.

Session expired

The server has moved on; the page needs a fresh start.